Map: King Sejong Station LE

Players

Gracz

  • Race: Zerg Zerg
  • League: Bronze

Yioz - Winner!

  • Race: Protoss Protoss
  • League: Silver

VOD

Have the link to the VOD?

Description

Time

  • Played on: Sept. 10, 2016, 5:16 p.m.
  • Length: 8:08
Show
View Real Time Build Order
Export as new Build Order

Gracz Zerg 

Build Orders: Pool First 

Get SALT Encoding   

  12  0:01  Drone  
  13  0:15  Drone  
  13  0:20  Extractor, Drone  
  15  0:35  Spawning Pool  
  14  0:38  Overlord  
  14  0:57  Drone x3  
  17  1:19  Extractor, Drone x2  
  18  1:32  Hatchery  
  17  1:40  Queen  
  19  2:05  Drone x2  
  19  2:06  Drone  
  22  2:09  Extractor  
  21  2:36  Zergling x2  
  22  2:38  Overlord  
  22  2:45  Drone  
  22  2:46  Drone  
  24  2:54  Queen  
  26  3:02  Zergling x6  
  29  3:05  Lair  
  29  3:14  Evolution Chamber  
  29  3:18  Evolution Chamber  
  27  3:20  Zergling x4  
  29  3:36  Drone x2  
  29  3:37  Drone  
  29  3:39  Overlord x2, Drone x2  
  34  3:58  Spine Crawler  
  27  4:26  Zergling x8  
  28  4:56  Zergling x6  
  26  5:02  Spine Crawler  
  25  5:09  Spine Crawler  
  24  5:31  Queen, Drone x3  
  29  5:37  Zerg Melee Weapons Level 1, Hatchery  
  29  5:38  Spire  
  29  5:40  Zerg Ground Armor Level 1  
  27  6:08  Hydralisk Den  
  27  6:09  Drone x3  
  29  6:16  Infestation Pit  
  28  6:40  Hydralisk x2  
  29  7:03  Hydralisk x3  
Show
View Real Time Build Order
Export as new Build Order

Yioz Protoss - Winner!

Build Orders:  

Get SALT Encoding   

  12  0:02  Probe (Chrono Boost)  
  13  0:14  Probe (Chrono Boost)  
  14  0:24  Probe (Chrono Boost)  
  15  0:29  Pylon  
  15  0:36  Pylon  
  15  0:41  Pylon  
  15  0:48  Probe (Chrono Boost)  
  16  0:59  Probe (Chrono Boost)  
  17  1:05  Gateway  
  17  1:09  Gateway  
  17  1:24  Forge  
  17  1:33  Gateway  
  17  1:43  Gateway  
  17  1:57  Zealot  
  17  1:58  Zealot  
  21  2:21  Zealot  
  21  2:23  Zealot  
  25  2:32  Photon Cannon  
  25  2:36  Zealot  
  27  2:37  Zealot  
  29  2:47  Zealot  
  29  2:48  Zealot  
  33  3:02  Cybernetics Core  
  33  3:04  Zealot  
  35  3:12  Assimilator  
  35  3:14  Zealot  
  37  3:34  Zealot  
  39  4:02  Pylon  
  39  4:04  Pylon  
  39  4:07  Pylon  
  39  4:17  Zealot  
  39  4:20  Zealot  
  39  4:21  Zealot  
  39  4:22  Zealot  
  45  4:40  Zealot  
  45  4:47  Zealot  
  45  4:48  Zealot  
  45  4:49  Zealot  
  47  5:04  Zealot  
  43  5:14  Zealot  
  43  5:16  Zealot x2  
  49  5:27  Zealot  
  50  5:43  Probe (Chrono Boost)  
  50  5:47  Zealot  
  50  5:48  Zealot x2  
  56  5:51  Zealot  
  56  5:55  Probe (Chrono Boost)  
  59  6:08  Probe (Chrono Boost)  
  60  6:14  Zealot  
  62  7:21  Zealot  
  62  7:32  Zealot  
  62  7:36  Zealot  
  62  7:40  Zealot  
Tags
 
Add a new tag
Caveats
  • Supply blocks, unpowered buildings, or Contaminate may cause inaccurate times.
  • Supply counts are checked every 10 seconds.